 Dungeon Crawl Stone Soup version 0.27-a0-1036-g8e1b44f6bd (webtiles) character file.

Game seed: 5079976505885097799

137 voltaire321 the Magician (level 5, -1/33 HPs)
             Began as an Octopode Hedge Wizard on Apr 18, 2021.
             Slain by an orc
             ... wielding a +0 short sword
              (4 damage)
             ... on level 3 of the Dungeon on Apr 19, 2021.
             The game lasted 00:11:31 (3479 turns).

voltaire321 the Magician (Octopode Hedge Wizard)    Turns: 3479, Time: 00:11:32

Health: -1/33      AC:  1    Str:  9    XL:     5   Next: 20%
Magic:  10/10      EV: 13    Int: 17    God:
Gold:   80         SH:  0    Dex: 12    Spells: 5/10 levels left

rFire    . . .     SeeInvis .   m - +1 short sword (vamp)
rCold    . . .     Faith    .   (no shield)
rNeg     . . .     Spirit   .   b - +0 hat
rPois    .         Reflect  .   (no amulet)
rElec    .         Harm     .   (no ring)
rCorr    .         Rampage  .   (no ring)
Will     .....                  (no ring)
Stlth    +++.......             (no ring)
HPRegen  0.11/turn              (no ring)
MPRegen  0.12/turn              (no ring)
                                (no ring)
                                (no ring)

@: no status effects
A: almost no armour, amphibious, 8 rings, camouflage 1, gelatinous body 1,
(nimble swimmer 1), tentacles
a: no special abilities


You were on level 3 of the Dungeon.
You visited 1 branch of the dungeon, and saw 3 of its levels.
You also visited: Sewer.

You collected 80 gold pieces.

Inventory:

Hand Weapons
 e - a +1 whip of holy wrath
 m - a +1 vampiric short sword (weapon)
Armour
 b - a +0 hat (worn)
 f - a +0 kite shield
Scrolls
 c - 2 scrolls of identify
 d - a scroll of noise {unknown}
 h - a scroll of enchant weapon
 l - a scroll of fear {unknown}
 n - 2 scrolls of teleportation {unknown}
 o - a scroll of blinking {unknown}
Potions
 a - a potion of lignification {unknown}
 g - 4 potions of heal wounds
 i - a potion of might {unknown}
 j - a potion of degeneration {unknown}
 k - 2 potions of curing {unknown}


   Skills:
 + Level 1.4 Fighting
 + Level 2.8 Dodging
 - Level 3.2 Stealth
 + Level 0.7 Shields
 + Level 3.4 Spellcasting
 + Level 1.9 Conjurations
 + Level 1.7 Summonings
 + Level 2.0 Translocations


You had 5 spell levels left.
You knew the following spells:

 Your Spells              Type           Power      Damage    Failure   Level
a - Magic Dart            Conj           36%        1d4       8%          1
b - Call Imp              Summ           8%         N/A       12%         2
c - Blink                 Tloc           N/A        N/A       11%         2

Your spell library contained the following spells:

 Spells                   Type           Power      Damage    Failure   Level
 Slow                     Hex            2%         N/A       26%         2
 Conjure Flame            Conj/Fire      6%         6-21      34%         3
 Mephitic Cloud           Conj/Pois/Air  5%         N/A       36%         3


Dungeon Overview and Level Annotations

Branches:
Dungeon (3/15)              Sewer (visited)

Altars:


Innate Abilities, Weirdness & Mutations

You cannot wear most types of armour.
You are amphibious.
You can wear up to eight rings at the same time.
Your skin changes colour to match your surroundings (Stealth+).
Your rubbery body absorbs attacks. (AC +1, EV +1)
((You are camouflaged near water. (Stealth+)))
You have tentacles for arms and can constrict up to eight enemies at once.


Message History

You constrict the orc, but do no damage.
The orc misses you. The orc hits you with a +0 club.
You hit the orc but do no damage.
The orc is moderately wounded.
You constrict the orc, but do no damage.
The orc closely misses you. The orc misses you.
You release your grip on the orc.
The orc hits you with a +0 whip.
Things that are here:
a +0 flail; an orc corpse You closely miss the orc.
You grab the orc.
The orc is moderately wounded.
You constrict the orc, but do no damage.
The orc hits you with a +0 whip.
* * * LOW HITPOINT WARNING * * *
You hit the orc.
You feel better.
The orc is almost dead.
You constrict the orc.
You kill the orc!
You barely miss the orc. Your grab misses the orc. Your squeeze misses the orc.
The orc hits you with a +0 club.
* * * LOW HITPOINT WARNING * * *
You barely miss the orc. Your grab misses the orc. You squeeze the orc!
You kill the orc!
The orc barely misses you.
You hit the orc but do no damage. You grab the orc.
You constrict the orc, but do no damage.
The orc barely misses you.
You hit the orc but do no damage.
You constrict the orc, but do no damage.
The orc misses you.
You hit the orc but do no damage. You constrict the orc.
The orc closely misses you.
You hit the orc.
The orc is moderately wounded.
You constrict the orc. The orc hits you with a +0 short sword.
* * * LOW HITPOINT WARNING * * *
You hit the orc but do no damage. You squeeze the orc, but do no damage.
The orc is moderately wounded.
You constrict the orc. The orc hits you with a +0 short sword.
You die...

*****,* *,*##.#,* *,,,,,
*,**********,##..#,*******,**
*,,,,,,,,,,,,,....,,,,,,,*,*
************,,...,,,,,,,,*,*
***#o#*,*******,* ##.#*,* *,*
#..#*,* *,*
##################.##*,*******,*
................@oo# *,,,,,,,,,*
#################### ***********


You could see 2 orcs.

Vanquished Creatures
  Terence (D:2)
  2 adders (Sewer)
  2 dart slugs
  3 orcs (D:3)
  7 ball pythons
  5 endoplasms
  9 giant cockroaches
  4 goblins
  3 hobgoblins (D:1)
  10 jackals
  8 kobolds
  6 quokkas
  5 bats
  5 frilled lizards
  4 rats (D:1)
74 creatures vanquished.

Vanquished Creatures (collateral kills)
  An adder (D:2)
  A worm (D:2)
  A jackal (Sewer)
  A ball python (Sewer)
  A frilled lizard (Sewer)
5 creatures vanquished.

Vanquished Creatures (others)
  3 plants (Sewer)
3 creatures vanquished.

Grand Total: 82 creatures vanquished

Notes
Turn   | Place    | Note
-------+----------+-------------------------------------------
     0 | D:1      | voltaire321 the Octopode Hedge Wizard began the quest for
                  | the Orb.
     0 | D:1      | Reached XP level 1. HP: 11/11 MP: 4/4
   239 | D:1      | Reached XP level 2. HP: 17/17 MP: 1/6
   380 | D:1      | Learned a level 2 spell: Call Imp
   543 | D:1      | Reached XP level 3. HP: 22/22 MP: 4/7
  1464 | D:2      | Reached skill level 1 in Fighting
  1964 | D:2      | Reached XP level 4. HP: 28/28 MP: 8/8
  2178 | D:2      | Noticed Terence
  2189 | D:2      | Killed Terence
  2365 | D:3      | Found a faded altar of an unknown god.
  2422 | D:3      | Found a glowing drain.
  2447 | Sewer    | Entered a sewer
  2803 | Sewer    | Learned a level 2 spell: Blink
  2894 | Sewer    | Reached XP level 5. HP: 31/33 MP: 7/10
  3479 | D:3      | Slain by an orc

Illustrated notes

Levels and vault maps discovered:
D:1:      dpeg_arrival_boxes_within_box, layout_basic, minmay_pentomino_w2
D:2:      layout_basic, uniq_terence
D:3:      wander_river, layout_basic, zin_statuary, gup_sewer_entry_pipe,
          serial_shops, shop, chequers_ecumenical_altar_simple,
          dk_noncrumbling_2, uniq_ijyb, uniq_crazy_yiuf_cottage

Skill      XL: |  1  2  3  4 |
---------------+-------------+-----
Stealth        | 3 |  3.2
Fighting       | 1 |  1.4
Translocations | 2 |  2.0
Dodging        | |  2.8
Shields        | |  0.7
Spellcasting   | |  3.4
Conjurations   | |  1.9
Summonings     | |  1.7

Action                   |  1- 3 |  4- 6 || total
-------------------------+-------+-------++-------
Melee: Whip              |    40 |    53 ||    93
       Constrict         |    13 |    23 ||    36
       Tentacles         |     8 |    19 ||    27
       Short sword       |       |    42 ||    42
 Cast: Magic Dart        |    60 |     7 ||    67
       Call Imp          |     1 |     4 ||     5
  Use: Scroll            |       |     4 ||     4
 Stab: Sleeping          |     6 |    10 ||    16
Armor: Skin              |     5 |     1 ||     6
Dodge: Dodged            |    20 |    49 ||    69

Table legend: (Time is in decaauts)
 A = Elapsed time spent in this place.
 B = Non-inter-level travel time spent in this place.
 C = Inter-level travel time spent in this place.
 D = Time resting spent in this place.
 E = Time spent auto-exploring this place.
 F = Levels seen in this place.
 G = Mean time per level.
                   A        B        C        D        E       F      G
               +--------+--------+--------+--------+--------+-----+--------+
         Total |   3491 |   3411 |     80 |    817 |   1852 |   4 |  872.8 |
       Dungeon |   2532 |   2452 |     80 |    613 |   1374 |   3 |  844.0 |
         Sewer |    958 |    958 |      0 |    204 |    478 |   1 |  958.0 |
               +--------+--------+--------+--------+--------+-----+--------+

Top non-repeatable levels by time:
     D:1: 1307 daAuts
     D:2: 1036 daAuts
   Sewer: 958 daAuts
     D:3: 188 daAuts
